 Dungeon Crawl Stone Soup version 0.29.1-1-gd02db6906a (webtiles) character file.

Game seed: 17979641481491988701

63 avis the Chiller (level 3, -1/28 HPs)
             Began as a Demigod Ice Elementalist on Sept 27, 2022.
             Slain by an orc
             ... wielding a +0 club
              (2 damage)
             ... on level 3 of the Dungeon.
             The game lasted 00:09:50 (2237 turns).

avis the Chiller (Demigod Ice Elementalist)         Turns: 2237, Time: 00:09:51

Health: -1/28      AC:  4    Str:  9    XL:     3   Next: 61%
Magic:  6/8        EV: 12    Int: 17    God:
Gold:   104        SH:  0    Dex: 18    Spells: 5/6 levels left

rFire   . . .      SeeInvis .   a - +0 shortbow
rCold   . . .      Faith    .   (shield currently unavailable)
rNeg    . . .      Spirit   .   l - +0 robe
rPois   .          Reflect  .   j - +0 helmet
rElec   .          Harm     .   (no cloak)
rCorr   .          Rampage  .   (no gloves)
Will    .....                   p - +0 pair of boots
Stlth   ++........              (no amulet)
HPRegen 0.09/turn               (no ring)
MPRegen 0.11/turn               (no ring)

@: no status effects
A: high MP 1, forlorn, divine attributes
a: no special abilities


You were on level 3 of the Dungeon.
You visited 1 branch of the dungeon, and saw 3 of its levels.

You collected 104 gold pieces.

Inventory:

Hand Weapons
 a - a +0 shortbow (weapon)
Missiles
 c - 5 poisoned darts
Armour
 j - a +0 helmet (worn)
 l - a +0 robe (worn)
 p - a +0 pair of boots (worn)
Magical Staves
 e - a staff of air
Wands
 m - a wand of charming (7)
Scrolls
 d - a scroll of magic mapping {unknown}
 f - 2 scrolls of poison {unknown}
 i - a scroll of brand weapon {unknown}
 o - a scroll of enchant armour {unknown}
 q - a scroll of silence {unknown}
 r - a scroll of identify {unknown}
Potions
 b - 2 potions of magic
 g - a potion of cancellation {unknown}
 h - a potion of brilliance {unknown}
 k - a potion of curing {unknown}
 n - a potion of degeneration {unknown}
 s - a potion of might {unknown}


   Skills:
 - Level 1.0 Fighting
 * Level 1.0 Ranged Weapons
 + Level 1.9 Dodging
 - Level 1.7 Stealth
 - Level 2.0 Spellcasting
 + Level 4.5 Ice Magic


You had 5 spell levels left.
You knew the following spells:

 Your Spells              Type           Power      Damage    Failure   Level
a - Freeze                Ice            68%        1d8       3%          1

Your spell library contained the following spells:

 Spells                   Type           Power      Damage    Failure   Level
 Frozen Ramparts          Ice            34%        1d6       9%          3
 Ozocubu's Armour         Ice            17%        N/A       9%          3
 Static Discharge         Conj/Air       1%         3-4/arc   28%         2
 Hailstorm                Conj/Ice       9%         3d4       58%         4
 Lightning Bolt           Conj/Air       0%         1d11      99%         5
 Maxwell's Capacitive Co  Air            0%         ∞         100%        8


Dungeon Overview and Level Annotations

Branches:
Dungeon (3/15)


Innate Abilities, Weirdness & Mutations

You have an increased reservoir of magic. (+10% MP)
You shall have no god before yourself.
Your divine heritage dramatically boosts your attributes as you level up.


Message History

You open the door. The orc misses you. The orc closely misses you.
The orc attacks as you move away! The orc barely misses you.
There is an open door here.
The orc attacks as you move away! The orc hits you but does no damage.
Unknown command.
The orc attacks as you move away! The orc closely misses you.
The orc attacks as you move away! The orc barely misses you.
The orc attacks as you move away! The orc hits you with a +0 flail.
* * * LOW HITPOINT WARNING * * *
Casting: Freeze (safe; 3% risk of failure)
Confirm with . or Enter, or press ? or * to list all spells.
Aiming: Freeze (safe; 3% risk of failure)
Press: ? - help, Shift-Dir - straight line, f - orc, p - orc
Aim: an orc, wielding a +0 flail You freeze the orc.
The orc is heavily wounded.
The orc hits you with a +0 flail.
* * * LOW HITPOINT WARNING * * *
Casting: Freeze (safe; 3% risk of failure)
Confirm with . or Enter, or press ? or * to list all spells.
Aiming: Freeze (safe; 3% risk of failure)
Press: ? - help, Shift-Dir - straight line, f/p - orc
Aim: an orc, wielding a +0 flail (heavily wounded)
You freeze the orc.
The orc is almost dead.
The orc closely misses you.
Casting: Freeze (safe; 3% risk of failure)
Confirm with . or Enter, or press ? or * to list all spells.
Aiming: Freeze (safe; 3% risk of failure)
Press: ? - help, Shift-Dir - straight line, f/p - orc
Aim: an orc, wielding a +0 flail (severely wounded)
You freeze the orc.
You kill the orc!
Okay, then.
The orc attacks as you move away! The orc misses you.
The orc attacks as you move away! The orc hits you with a +0 club.
* * * LOW HITPOINT WARNING * * *
The orc attacks as you move away! The orc misses you.
The orc attacks as you move away! The orc hits you with a +0 club.
You die...

#.#
##############.#
#............#.#
#............#.#
#.........)..#)#
#.....<......#.#
#............#.#
#............#o#
#......)@....#.#
#........o...#.#
#.........S..#.#
#............#S#
............{#.#
...............#
#............###
#............#
...........#


You could see an adder and an orc.

Vanquished Creatures
  An adder (D:2)
  2 worms (D:2)
  2 orcs (D:3)
  4 bats
  2 endoplasms
  3 giant cockroaches
  5 goblins
  3 hobgoblins (D:2)
  2 quokkas (D:1)
  4 ball pythons
  6 frilled lizards
  7 kobolds
  6 rats
47 creatures vanquished.

Notes
Turn   | Place    | Note
-------+----------+-------------------------------------------
     0 | D:1      | avis the Demigod Ice Elementalist began the quest for the
                  | Orb.
     0 | D:1      | Reached XP level 1. HP: 14/14 MP: 5/5
     2 | D:1      | Noticed an ogre
     2 | D:1      | Noticed a vine stalker
     4 | D:1      | Noticed a tengu
     4 | D:1      | Noticed a troll
     6 | D:1      | Noticed a minotaur
     6 | D:1      | Noticed a vampire
     8 | D:1      | Noticed a draconian
     8 | D:1      | Noticed a human
    10 | D:1      | Noticed a demigod
    12 | D:1      | Noticed a formicid
    12 | D:1      | Noticed a demonspawn
    14 | D:1      | Noticed a meteoran
    14 | D:1      | Noticed a spriggan
    16 | D:1      | Noticed a felid
    18 | D:1      | Noticed a naga
    18 | D:1      | Noticed an elf
    20 | D:1      | Noticed a gargoyle
    20 | D:1      | Noticed a palentonga
    22 | D:1      | Noticed a merfolk
    24 | D:1      | Noticed an elf
    24 | D:1      | Noticed an octopode
    26 | D:1      | Noticed a minotaur
   440 | D:1      | Reached skill level 4 in Ice Magic
   453 | D:1      | Reached XP level 2. HP: 18/20 MP: 5/7
  1078 | D:2      | Reached XP level 3. HP: 17/27 MP: 4/8
  1433 | D:2      | Reached skill level 1 in Fighting
  2188 | D:3      | Reached skill level 1 in Ranged Weapons
  2230 | D:3      | HP: 1/28 [orc/+0 club (4)]
  2237 | D:3      | Slain by an orc

Illustrated notes

Levels and vault maps discovered:
D:1:      kb_arrival_jail, layout_basic
D:2:      layout_loops_ring, minmay_tetromino_s2
D:3:      layout_basic, mainiacjoe_overflow_catwalk_spiral,
          shapermc_ecumenical_altar_hornbeckon

Skill      XL: |  1  2  3 |
---------------+----------+-----
Spellcasting   | 2 |  2.0
Ice Magic      | 4 |  4.5
Fighting       | 1 |  1.0
Ranged Weapons | 1 |  1.0
Dodging        | |  1.9
Stealth        | |  1.7

Action                   || total
-------------------------++-------
Melee: Unarmed           ||     1
       Shortbow          ||     1
 Fire: Shortbow          ||    49
 Cast: Freeze            ||    51
Armor: Robe              ||     9
Dodge: Dodged            ||    33
